Zazza, neutral female human Tourist ----- #-...| --------- |...| ####+.......| |...| @@|.......| ##....| ##-f....<.| ----------- # |...| #----.---- ##..........| ### ----- # ### # |.........| # # ####-..........## ### # #----------- # ###### --.---# # |...(|#### |....| # |.....## ------ Zazza the Rambler Experience level: 1 Strength: 12 Dexterity: 11 Constitution: 15 Intelligence: 13 Wisdom: 7 Charisma: 18 Health: 0(10) Energy: 2(2) Def: 0 Gold: 1895 Moves: 2318 Dungeon seed: Ev7YHG8dBgEnLpgz Game ID: Zazza_1619024697 Your Inventory: Coins $ - 1895 gold pieces Weapons a - 25 +2 darts O - a +0 elven dagger (weapon in hand) Y - 10 +2 crossbow bolts Armor e - a blessed +0 Hawaiian shirt Comestibles c - an uncursed pear f - 5 uncursed slime molds h - 6 uncursed food rations Scrolls j - 2 uncursed scrolls of magic mapping k - a blessed scroll of magic mapping p - an uncursed scroll of identify v - 2 uncursed scrolls of confuse monster F - an uncursed scroll of teleportation K - a blessed scroll of remove curse X - an uncursed scroll of enchant weapon Spellbooks s - an uncursed spellbook of knock w - an uncursed spellbook of drain life y - an uncursed spellbook of slow monster L - an uncursed spellbook of protection Potions i - 2 uncursed potions of extra healing o - an uncursed potion of sleeping u - an uncursed potion of restore ability x - an uncursed potion of gain ability H - an uncursed potion of water Wands n - a wand of lightning (0:3) Tools l - an expensive camera (0:58) m - an uncursed credit card t - an uncursed tin whistle N - an uncursed brass lantern (lit) (0:498) Gems q - an uncursed worthless piece of green glass r - 2 uncursed fluorite stones Spells and supernatural/magical abilities: Name Level Category Fail Memory W - pray for help -- divine ? -- Your skills at the end: Fighting Skills Weapon Skills dart [Basic] Spellcasting Skills Final Attributes: You were nominally aligned. You are dead. Vanquished creatures: a homunculus a hobbit 3 giant rats a cave spider a gecko 2 jackals 4 foxes 2 kobolds 2 goblins 5 sewer rats 5 grid bugs a bat 3 lichens 2 kobold zombies 12 newts 45 creatures vanquished. Voluntary challenges: You used a wielded weapon 2 times, starting on turn 679. You read items or engraved 4 times, starting on turn 55. You never genocided any monsters. You never polymorphed an object. You never changed form. You used no wishes. You never split a pudding. You wrote Elbereth's name 2 times, starting on turn 56. You never violated your personal moral code. Dungeon overview: The Dungeons of Doom: levels 1 to 6 Level 1 a long staircase Level 2 a fountain, a sink Level 3 an altar to Offler, a fountain a long staircase Level 4 a fountain Level 5 a weapon shop, a fountain Level 6 <- You were here History has recorded: On T:1 you entered the Dungeons of Doom to retrieve the Amulet of Yendor! On T:505 you reached level 2 of The Dungeons of Doom. On T:911 you reached level 3 of The Dungeons of Doom. On T:1266 you reached level 4 of The Dungeons of Doom. On T:1686 you reached level 5 of The Dungeons of Doom. On T:2167 you reached level 6 of The Dungeons of Doom. Score breakdown: Gold: 987 (10187 points) Experience: 1 level ( 0 points) Exploration: 6 levels ( 12.24%) ( 9682 points) Discoveries: 5 items ( 1.68%) ( 3885 points) Valuables value: (no points given unless you survive) Artifact value: 0 ( 0 points) Variety of kills: 15 monsters ( 3.94%) ( 5952 points) Turncount: 2318 turns ( -218 points) Survival: died (score multiplied by 80%) Total score: 23590 Latest messages: You succeed in picking the lock. You carefully open the large box... $ - 128 gold pieces. You see here 10 crossbow bolts. Y - 10 crossbow bolts. $ - 61 gold pieces. Click! You trigger a rolling boulder trap! Fortunately for you, no boulder was released. The door opens. You feel strong! You must have been exercising. You feel clumsy! You haven't been working on reflexes lately. You see here a large box. The door opens. The wererat hits! You write in the dust with your fingers. The wererat hits! You die... Final status: Aloha Zazza the Tourist, killed by a wererat... You died in The Dungeons of Doom on dungeon level 6 with 23590 points, and 1895 pieces of gold, after 2318 moves. You were level 1 with a maximum of 10 hit points when you died.